 Dungeon Crawl Stone Soup version 0.27.1-34-g3ba077fa99 (webtiles) character file.

Game seed: 10671125905137510718

761214 ticklebelly the Conqueror (level 27, -9/286 HPs)
             Began as a Minotaur Berserker on Jan 8, 2022.
             Was a High Priest of Trog.
             Killed from afar by a white draconian (11 damage)
             ... with a blast of cold
             ... on level 5 of the Realm of Zot on Jan 12, 2022.
             The game lasted 08:14:03 (65271 turns).

ticklebelly the Conqueror (Minotaur Berserker)     Turns: 65271, Time: 08:14:03

Health: -9/286     AC: 49    Str: 41    XL:     27
Magic:  22/22      EV: 19    Int:  3    God:    Trog [*****.]
Gold:   6901       SH:  5    Dex: 14    Spells: 26/26 levels left

rFire    + + +     SeeInvis +   O - +9 executioner's axe (flame)
rCold    + + .     Faith    .   (shield currently unavailable)
rNeg     + + .     Spirit   .   T - +14 crystal plate armour
rPois    +         Reflect  +   A - +2 hat {Stlth+}
rElec    +         Harm     .   c - +0 cloak "Buleyts" {rPois Will+ Regen+}
rCorr    +         Rampage  ∞   M - +0 pair of gloves of Resonant Birdsong {rF+++ Str+5}
Will     +++++                  y - +3 pair of seven-league boots {Rampage+∞}
Stlth    ..........             b - amulet of Zonent Wito {Reflect Rampage rC+ rCorr Str+4 SH+5}
HPRegen  1.00/turn              Q - ring "Sewn" {rElec rF+ rN+ SInv}
MPRegen  0.18/turn              w - ring of Feaqinos {rN+ AC+4 Str+3 Int+3}

@: mighty, berserking, silenced (expiring), strong-willed, corroded, unable to
read, regenerating, hasted, studying 2 skills, very quick
A: horns 2, retaliatory headbutt, clumsy 1, cold resistance 1, deformed body,
dopey 2, frail 3, strong-willed 1, electricity resistance, inhibited
regeneration, evolution 2, inability to read while threatened
}: 5/15 runes: barnacled, slimy, silver, abyssal, gossamer
a: Renounce Religion


You were on level 5 of the Realm of Zot.
You worshipped Trog.
Trog was extremely pleased with you.
You visited 12 branches of the dungeon, and saw 58 of its levels.
You visited the Abyss 1 time.
You also visited: Gauntlet, Ice Cave and Volcano.

You collected 11165 gold pieces.
You spent 4264 gold pieces at shops.

Inventory:

Hand Weapons
 O - a +9 executioner's axe of flaming (weapon)
 V - the +6 battleaxe of Trial by Ordeal {vorpal, Fly rElec Will+}
   (Trog gifted it to you on level 3 of the Realm of Zot)

   It inflicts extra damage upon your enemies.
   rElec:     It insulates you from electricity.
   Fly:       It grants you flight.
   Will:      It increases your willpower.
Missiles
 n - 16 silver boomerangs (quivered)
Armour
 c - the +0 cloak "Buleyts" (worn) {rPois Will+ Regen+}
   (You acquired it on level 1 of the Crypt)

   rPois:     It protects you from poison.
   Regen:     It increases your rate of health regeneration.
   Will:      It increases your willpower.
 y - the +3 pair of seven-league boots (worn) {Rampage+∞}
   (You bought it in a shop on level 3 of the Depths)

   Its wearer moves as far as possible in that direction when moving towards
   enemies.
 A - a +2 hat of stealth (worn)
 M - the +0 pair of gloves of Resonant Birdsong (worn) {rF+++ Str+5}
   (You found it on level 4 of the Spider Nest)

   Str:       It affects your strength (+5).
   rF:        It renders you almost immune to fire.
 T - a +14 crystal plate armour (worn)
Jewellery
 a - the ring "Pobb" {Wiz rPois Dex+2}
   (You took it off a deep elf demonologist on level 3 of the Elven Halls)

   [ring of wizardry]

   It improves your spell success rate.
   Dex:       It affects your dexterity (+2).
   rPois:     It protects you from poison.
 b - the amulet of Zonent Wito (around neck) {Reflect Rampage rC+ rCorr Str+4 SH+5}
   (You took it off a deep elf blademaster on level 3 of the Elven Halls)

   [amulet of reflection]

   It reflects blocked missile attacks.
   Str:       It affects your strength (+4).
   rC:        It protects you from cold.
   rCorr:     It protects you from acid and corrosion.
   SH:        It affects your SH (+5).
   Rampage:   It bestows one free step when moving towards enemies.
 g - an amulet of the acrobat
 t - a +4 ring of slaying
 w - the ring of Feaqinos (right hand) {rN+ AC+4 Str+3 Int+3}
   (You took it off a frost giant on level 14 of the Dungeon)

   [ring of protection]

   AC:        It affects your AC (+4).
   Str:       It affects your strength (+3).
   Int:       It affects your intelligence (+3).
   rN:        It protects you from negative energy.
 B - the ring of Curiosity {rF+ rN+ Will- Int+3 Slay+3}
   (You took it off an ironbound convoker on level 5 of the Vaults)

   [ring of positive energy]

   Int:       It affects your intelligence (+3).
   Slay:      It affects your accuracy & damage with ranged weapons and melee
   (+3).
   rF:        It protects you from fire.
   rN:        It protects you from negative energy.
   Will:      It decreases your willpower.
 D - an amulet of regeneration
 F - a +4 ring of evasion
 Q - the ring "Sewn" (left hand) {rElec rF+ rN+ SInv}
   (You found it on level 3 of the Shoals)

   [ring of see invisible]

   rF:        It protects you from fire.
   rElec:     It insulates you from electricity.
   rN:        It protects you from negative energy.
   SInv:      It lets you see invisible.
 X - the ring "Qoxkueff" {rF+ rC+++ rCorr MP-9 Str+4}
   (You found it on level 5 of the Vaults)

   [ring of resist corrosion]

   Str:       It affects your strength (+4).
   rF:        It protects you from fire.
   rC:        It renders you almost immune to cold.
   MP:        It affects your magic capacity (-9).
   rCorr:     It protects you from acid and corrosion.
Wands
 i - a wand of polymorph (43)
 q - a wand of acid (47)
 u - a wand of mindburst (63)
 C - a wand of digging (20)
 L - a wand of iceblast (69)
 R - a wand of flame (100)
 U - a wand of paralysis (54)
Scrolls
 d - 2 scrolls of silence
 f - 7 scrolls of immolation
 o - 4 scrolls of enchant weapon
 s - 2 scrolls of blinking
 z - 5 scrolls of holy word
 G - 21 scrolls of teleportation
 K - 8 scrolls of fear
 W - 11 scrolls of fog
 Y - 13 scrolls of magic mapping
Potions
 e - 10 potions of haste
 l - 11 potions of flight
 m - 2 potions of invisibility
 r - 6 potions of might
 x - 4 potions of lignification
 H - 6 potions of resistance
 J - 20 potions of curing
 N - 4 potions of cancellation
Miscellaneous
 h - the horn of Geryon
 j - a lightning rod (4/4)
 p - a condenser vane
 v - a phantom mirror
 E - a box of beasts
 I - a tin of tremorstones (2/2)
 S - a phial of floods


   Skills:
 O Level 27 Fighting
 - Level 26.0 Axes
 O Level 27 Armour
 + Level 24.6 Dodging
 + Level 23.1 Evocations


You had 26 spell levels left.
You didn't know any spells.
Your spell library was empty.

Dungeon Overview and Level Annotations

Branches:
Dungeon (15/15)            Temple (0/1) D:6            Lair (6/6) D:11
 Shoals (4/4) Lair:3       Spider (4/4) Lair:2        Slime (5/5) Lair:5
    Orc (2/2) D:12            Elf (3/3) Orc:2        Vaults (5/5) D:14
  Crypt (3/3) Vaults:2       Tomb (0/3) Crypt:3      Depths (5/5) D:15
   Hell (visited)             Dis (0/7) Hell            Geh (0/7) Hell
    Coc (0/7) Hell            Tar (0/7) Hell            Zot (5/5) Depths:5
  IceCv (visited)         Volcano (visited)         Gauntlet (visited)

Altars:
Ashenzari
Cheibriados
Elyvilon
Fedhas
Gozag
Kikubaaqudgha
Okawaru
Ru
Trog
Uskayaw
Vehumet
Xom
Yredelemnul
The Shining One
Beogh
Jiyva
Lugonu

Shops:
D:2 =   D:4 *   D:7 :   D:12 [?(*[   Orc:2 ([=:?   Elf:3 (*   Shoals:1 :
Shoals:4 (   Vaults:4 :=(   Depths:2 ?!(   Depths:3 ([

Portals:
Hell: Depths:1 Depths:2 Depths:3 Depths:4 Depths:5
Abyss: Depths:4*
Pandemonium: Depths:1 Depths:3 Depths:4
Ziggurat: Depths:1

Annotations:
Depths:4 Jusuc's ghost, journeyman MiBe


Innate Abilities, Weirdness & Mutations

You have a pair of horns on your head.
You reflexively headbutt those who attack you in melee.
You are clumsy. (Dex -2)
Your flesh is cold resistant. (rC+)
Armour fits poorly on your strangely shaped body.
You are very dopey. (Int -4)
You are extremely frail. (-30% HP)
You are strong-willed. (Will+)
You are resistant to electric shocks. (rElec)
You do not regenerate when monsters are visible.
You rapidly evolve.
You sometimes lose the ability to read scrolls when taking damage.


Message History

The purple draconian annihilator blinks!
Your ogre closely misses the white draconian.
The white draconian barely misses your ogre.
Your deep troll bites the white draconian but does no damage.
Your deep troll claws the white draconian!!
Your deep troll barely misses the white draconian.
You feel a strong urge to attack something.
Your ogre closely misses the white draconian.
Your deep troll bites the white draconian!!
Your deep troll barely misses the white draconian.
Your deep troll claws the white draconian!
The white draconian breathes frost at you.
The blast of cold hits your ogre! The blast of cold hits you. You resist.
* * * LOW HITPOINT WARNING * * *
The Killer Klown pies you viciously! The klown pie hits you.
Blueberry!
An unnatural silence engulfs you.
* * * LOW HITPOINT WARNING * * *
You miss the Killer Klown. You headbutt the Killer Klown!
You kill the Killer Klown!
Trog accepts your kill.
Your deep troll closely misses the white draconian.
Your deep troll claws the white draconian!
Your deep troll closely misses the white draconian.
You stride towards the white draconian!
You hit the white draconian but do no damage.
Your headbutt misses the white draconian.
Your ogre hits the white draconian with a +0 giant club!
The white draconian hits your ogre with a +0 long sword!
Your ogre dies!
Your ogre's corpse disappears in a puff of smoke!
You slash the white draconian! You burn the white draconian.
The white draconian is lightly wounded.
You chop the green draconian scorcher into pieces!!!
You burn the green draconian scorcher!
You kill the green draconian scorcher!
Trog accepts your kill.
Trog appreciates your killing of a magic user.
The white draconian breathes frost at you.
The blast of cold hits you! You resist.
You die...

..............▓
...q§........▓ ...........▓
........).▓
#▓▓▓▓▓▓▓▓▓▓▓##d..))▓▓
###............d..)dq.##
##....##...........§T...##
#...###...^.....d)....^..#
...###..........@.........#
..## #....................#
..# #..........).........#
.## #..............^.....#
.# #....................#
.## #....................#
..# ##.....^............#
..# ..........^....# ...#
..............#


You could see 2 draconians, 2 draconians, a purple draconian annihilator and a
friendly deep troll (summoned, berserk).

Vanquished Creatures
  the Royal Jelly (Slime:5)
  4 dread liches
  3 ancient liches
  2 orbs of fire (Zot:3)
  A juggernaut (Depths:3)
  Boris (Vaults:5)
  6 Killer Klowns
  Bai Suzhen (Elf:3)
  Saint Roka (Vaults:4)
  A caustic shrike (Depths:4)
  3 curse toes
  Geryon (Hell)
  11 golden dragons
  Nikola (Vaults:1)
  A Tzitzimitl (Depths:2)
  3 electric golems
  9 Orb Guardians (Zot:5)
  16 tentacled monstrosities
  12 liches
  5 titans
  2 deep elf blademasters (Elf:3)
  9 quicksilver dragons
  2 deep elf master archers (Elf:3)
  2 krakens
  3 Executioners
  7 death cobs
  16 acid blobs
  Murray (Hell)
  6 ancient champions
  13 shadow dragons
  7 sphinxes
  3 tentacled starspawn
  Donald (Shoals:4)
  17 storm dragons
  5 tengu reavers
  5 draconian monks
  The ghost of Ekaitz the Zephyrmancer, a journeyman DrEE of Vehumet (Spider:3)
  4 revenants
  10 fire giants
  3 draconian knights
  An iron dragon (Vaults:5)
  4 azure jellies
  12 rockslimes
  4 draconian scorchers
  7 frost giants
  7 ghost moths
  6 deep elf sorcerers
  6 draconian shifters
  Aizul (Elf:3)
  An orc warlord (Vaults:3)
  3 emperor scorpions
  31 vault wardens
  2 balrugs
  2 curse skulls
  A spectral caustic shrike (Depths:2)
  5 deep elf elementalists
  2 caustic shrike zombies (Depths:2)
  3 draconian annihilators
  A draconian stormcaller (Depths:5)
  3 ghouls (Crypt:2)
  15 ironbound preservers
  3 reapers
  21 very ugly things
  22 stone giants
  11 green draconians
  4 quicksilver oozes
  9 war gargoyles
  9 vampire knights
  10 deep elf demonologists
  11 yellow draconians
  6 deep elf annihilators
  5 purple draconians
  6 red draconians
  6 entropy weavers
  A lorocyproca (Hell)
  11 white draconians
  10 black draconians
  A minotaur (Gauntlet)
  The ghost of Vext the Imperceptible, a journeyman SpEn of Gozag (D:13)
  9 eidola
  2 merfolk javelineers
  A blizzard demon (Hell)
  3 spark wasps
  10 merfolk impalers
  3 crystal guardians
  18 deep elf death magi
  6 fire dragons
  6 deep elf high priests
  10 jiangshi
  21 ettins
  16 yaktaur captains
  The ghost of cmd the Fighter, a journeyman MiFi of Okawaru (Lair:2)
  Josephine (D:11)
  2 quicksilver dragon zombies
  A kraken zombie (Hell)
  3 hell beasts (Hell)
  13 ironbound thunderhulks
  The ghost of Ironcache the Fighter, a journeyman DjFE of Hepliaklqana (D:11)
  11 rakshasas
  9 hydras
  A salamander tyrant (Depths:4)
  3 spriggan air magi
  19 great orbs of eyes
  13 boulder beetles
  3 peacekeepers
  2 caustic shrike simulacra (Depths:2)
  10 ice dragons
  2 merfolk aquamancers
  12 ironbound frosthearts
  33 vault guards
  A spectral sphinx (Depths:2)
  4 catoblepae
  20 centaur warriors
  2 ogre magi (Orc:2)
  8 two-headed ogres
  2 merfolk avatars
  4 death knights
  30 dancing weapons
  4 satyrs
  A death yak (Lair:6)
  A spectral frost giant (Depths:2)
  4 hell hogs (Hell)
  6 deep troll shamans
  3 alligator snapping turtles
  13 tengu warriors
  8 deep troll earth magi
  An ironbound beastmaster (Vaults:1)
  3 titan zombies
  6 thrashing horrors
  3 spriggan berserkers
  14 vampire magi
  2 spriggans (Depths:3)
  14 deep elf knights
  5 iron trolls
  6 soul eaters (Hell)
  6 hell knights (Vaults:5)
  A storm dragon zombie (Depths:2)
  8 sun demons
  A sixfirhy (Abyss:3)
  A fire crab (Volcano)
  45 deep trolls
  30 skeletal warriors
  6 wretched stars
  A shadow wraith (Crypt:2)
  A death drake (Abyss:4)
  2 fire crabs (shapeshifter)
  8 sea snakes
  A death drake (shapeshifter) (Depths:2)
  2 spatial maelstroms (Abyss:3)
  A salamander mystic (Depths:4)
  A swamp dragon (shapeshifter) (Elf:2)
  3 anaconda zombies (Hell)
  19 flayed ghosts
  3 glowing orange brains
  15 wizards
  3 lindwurms
  3 tengu zombies (Depths:2)
  10 deep elf archers
  2 golden dragon skeletons
  8 necromancers
  An obsidian statue (Volcano)
  32 harpies
  23 ironbound convokers
  A kraken simulacrum (Shoals:4)
  2 wolf spider zombies
  4 orc knights
  An anaconda skeleton (Crypt:2)
  25 phantasmal warriors
  24 deep elf pyromancers
  A mana viper (Abyss:3)
  10 fauns
  38 deep elf zephyrmancers
  2 iron dragon zombies (Crypt:2)
  2 salamanders (Depths:4)
  2 spectral spriggans (Depths:2)
  21 wolf spiders
  A frost giant zombie (Crypt:3)
  6 shining eyes
  36 ugly things
  A shadow dragon skeleton (Depths:2)
  16 orb spiders
  13 orc sorcerers
  6 worldbinders
  2 moths of wrath (shapeshifter)
  18 manticores
  Maurice (D:10)
  A stone giant zombie (Crypt:2)
  An iron dragon skeleton (Crypt:2)
  34 moths of wrath
  12 cyclopes
  A guardian serpent (Abyss:3)
  9 elephants
  2 rust devils (Hell)
  A spectral ettin (Depths:2)
  Joseph (D:8)
  2 molten gargoyles (Hell)
  6 apocalypse crabs
  4 water nymphs
  7 fire giant skeletons (Crypt:3)
  13 vault sentinels
  4 torpor snails
  5 black mambas
  3 eyes of devastation (Slime:5)
  5 gargoyles
  14 smoke demons
  3 ice statues
  6 merfolk sirens
  18 cane toads
  An orange demon (Abyss:3)
  A spriggan skeleton (Depths:2)
  Maggie (D:8)
  An elf zombie (Depths:2)
  A dire elephant skeleton (Hell)
  2 hellions (Hell)
  A rime drake (Gauntlet)
  An emperor scorpion zombie (Crypt:2)
  4 hellwings (Abyss:3)
  3 efreet
  2 unseen horrors
  6 komodo dragons
  9 demonic crawlers
  7 tengu conjurers
  A catoblepas zombie (Crypt:1)
  12 ice devils
  A spark wasp simulacrum (Depths:2)
  A tormentor (Depths:2)
  2 sea snake zombies (Hell)
  4 catoblepas skeletons (Abyss:4)
  49 yaktaurs
  A golden dragon simulacrum (Depths:2)
  A green draconian skeleton (Crypt:2)
  8 freezing wraiths
  A merfolk (shapeshifter) (Elf:3)
  2 harpy zombies (Abyss:3)
  8 ancient zymes
  A white draconian skeleton (Crypt:1)
  4 trolls
  28 merfolk
  3 meliai (D:14)
  2 hydra zombies
  2 polar bears (Lair:3)
  41 jumping spiders
  3 wind drakes
  9 hornets
  A tyrant leech (Lair:6)
  91 slime creatures
  6 blink frogs
  A stone giant simulacrum (Depths:2)
  3 dream sheep (Shoals:4)
  A snapping turtle (shapeshifter) (Vaults:4)
  8 raiju
  8 snapping turtles
  2 alligator zombies (Hell)
  A frost giant simulacrum (Depths:2)
  2 meliai zombies (Crypt:1)
  11 flying skulls
  15 water elementals
  A black mamba zombie (Crypt:2)
  20 starcursed masses
  4 air elementals
  69 redbacks
  4 ynoxinuls (Abyss:3)
  9 shadows (Crypt:3)
  9 fire dragon skeletons (Crypt:3)
  A redback (shapeshifter) (D:14)
  43 yaks
  A dire elephant simulacrum (IceCv)
  An alligator skeleton (Hell)
  A spriggan (shapeshifter) (Elf:2)
  16 wraiths
  2 vampires
  18 small abominations
  A fire bat (shapeshifter) (Vaults:5)
  A yak (shapeshifter) (Vaults:5)
  31 tarantellas
  2 fire elementals
  14 golden eyes
  3 wyverns
  Grum (D:9)
  5 basilisks
  15 fire bats
  A golden eye (shapeshifter) (D:15)
  The ghost of JJisdabomb the Agent of Entropy, an amateur DsAK of Lugonu (D:4)
  6 neqoxecs
  5 chaos spawn
  A minotaur simulacrum (Hell)
  3 death yak simulacra (IceCv)
  A steam dragon (D:6)
  14 vampire mosquitoes
  3 wargs
  A glowing shapeshifter zombie (Crypt:2)
  An acid dragon (D:12)
  An acid dragon (shapeshifter) (D:14)
  A cane toad zombie (Crypt:2)
  A hell hound (Volcano)
  2 floating eyes
  11 water moccasins
  28 large abominations
  5 ice beasts
  A hornet zombie (D:6)
  An ice dragon simulacrum (Crypt:2)
  5 black bears
  An ettin simulacrum (Depths:2)
  4 sky beasts
  17 wolves
  23 orc warriors
  A cane toad skeleton (Crypt:2)
  3 necrophages (Crypt:2)
  10 ogres
  2 snapping turtle skeletons (Crypt:2)
  A boggart (D:14)
  16 centaurs
  A phantom (D:6)
  2 kobold brigands
  19 bullfrogs
  A bullfrog (shapeshifter) (Abyss:3)
  A fire crab zombie (Crypt:2)
  2 glowing shapeshifter simulacra (Depths:2)
  2 cane toad simulacra (IceCv)
  7 earth elementals
  A two-headed ogre simulacrum (IceCv)
  A komodo dragon skeleton (Crypt:1)
  9 killer bees
  7 wights
  10 electric eels
  2 vampire bats (Depths:1)
  5 lava snakes (Volcano)
  A human zombie (Crypt:2)
  3 centaur zombies
  A quasit (Abyss:2)
  A jelly (D:6)
  7 hounds
  A bullfrog skeleton (D:7)
  26 orc priests
  Crazy Yiuf (D:5)
  3 iron imps
  3 centaur skeletons
  28 orc wizards
  2 iguanas (D:5)
  10 hell rats
  7 spriggan simulacra
  A polar bear simulacrum (IceCv)
  A killer bee zombie (D:7)
  A deep dwarf zombie (Crypt:2)
  An acid dragon skeleton (Crypt:2)
  A hound skeleton (D:4)
  5 gnolls
  11 adders
  A howler monkey skeleton (Crypt:2)
  3 naga simulacra (IceCv)
  A river rat (D:4)
  A steam dragon skeleton (Crypt:2)
  8 white imps
  6 ufetubi
  An adder skeleton (D:3)
  A worm (shapeshifter) (Vaults:4)
  2 worms (D:4)
  3 dart slugs
  86 orcs
  5 bat skeletons (Depths:1)
  2 bat zombies (Depths:1)
  6 endoplasms
  2 giant cockroaches
  8 goblins
  7 hobgoblins
  6 jackals
  4 quokkas
  5 ball pythons
  10 bats
  2 frilled lizards
  14 kobolds
  4 rats
  2 lurking horrors
  2 plants (Shoals:2)
  3 starspawn tentacles
  3 tentacles
2696 creatures vanquished.

Vanquished Creatures (collateral kills)
  An orb of fire (Zot:3)
  An ancient lich (Crypt:3)
  Boris (Depths:4)
  Xtahua (Vaults:2)
  A curse toe (Zot:3)
  An acid blob (Slime:5)
  A tentacled starspawn (Abyss:2)
  An Executioner (Depths:2)
  A shadow dragon (Zot:3)
  The ghost of Fractals the Cleaver, an adept DsBr of Gozag (Spider:4)
  2 azure jellies (Slime:5)
  2 frost giants
  A fire giant (Depths:1)
  A vault warden (Vaults:5)
  An ironbound preserver (Vaults:4)
  2 quicksilver oozes (Slime:5)
  2 vampire knights (Crypt:3)
  3 stone giants
  A very ugly thing (Depths:1)
  2 entropy weavers
  3 white draconians (Zot:5)
  A spark wasp (Spider:4)
  A red draconian (Zot:5)
  2 merfolk javelineers (Shoals:4)
  A green death (Spider:4)
  5 merfolk impalers (Shoals:4)
  2 yaktaur captains
  2 hydras
  2 quicksilver dragon skeletons (Crypt:3)
  A boulder beetle (Lair:6)
  An alligator snapping turtle (Shoals:4)
  2 dancing weapons (Elf:2)
  2 merfolk aquamancers (Shoals:4)
  2 two-headed ogres (D:12)
  3 death yaks (Lair:6)
  A vampire mage (Depths:3)
  Nergalle (D:12)
  A deep elf knight (Elf:2)
  2 deep trolls (Vaults:4)
  A flayed ghost (Crypt:3)
  An anaconda skeleton (Crypt:3)
  2 phantasmal warriors
  2 deep elf pyromancers
  2 ugly things
  3 orb spiders (Spider:1)
  2 deep elf zephyrmancers
  2 wolf spiders (Spider:4)
  An orb spider (shapeshifter) (Vaults:5)
  2 shining eyes
  2 vault sentinels (Vaults:4)
  A molten gargoyle (Depths:3)
  2 smoke demons (Hell)
  An orange demon (Abyss:3)
  4 cane toads (Lair:6)
  4 yaktaurs (Vaults:1)
  An unseen horror (D:12)
  2 freezing wraiths
  A demonic crawler (Spider:1)
  A komodo dragon (Lair:6)
  A tyrant leech (Lair:5)
  2 hornets (Spider:4)
  A polar bear (Lair:6)
  2 jumping spiders (Spider:4)
  3 merfolk (Shoals:4)
  A harpy zombie (Crypt:3)
  A troll (D:12)
  A raiju (Abyss:3)
  2 slime creatures (Slime:5)
  3 blink frogs (Lair:6)
  A snapping turtle (Shoals:4)
  An ice dragon skeleton (Crypt:3)
  2 redbacks (Spider:4)
  7 yaks (Lair:6)
  3 tarantellas (Spider:4)
  A tarantella (shapeshifter) (Vaults:5)
  An ettin skeleton (Crypt:3)
  2 wraiths
  3 vampires (Crypt:3)
  A fire dragon skeleton (Crypt:3)
  A chaos spawn (Abyss:3)
  6 neqoxecs
  A centaur (Shoals:4)
  A snapping turtle skeleton (Crypt:3)
  A scorpion (shapeshifter) (D:14)
  A bullfrog (Lair:6)
  A wight (Crypt:3)
  An electric eel (Lair:6)
  An orc priest (D:12)
  An orc wizard (D:12)
  An ufetubus (IceCv)
  An orc (D:12)
  2 starspawn tentacles (Abyss:3)
157 creatures vanquished.

Vanquished Creatures (others)
  An electric golem (Zot:3)
  An ogre mage (Vaults:5)
  A two-headed ogre (D:12)
  A hell hog (Hell)
  A thrashing horror (Abyss:3)
  A deep troll earth mage (Vaults:5)
  2 wizards (Vaults:4)
  A deep elf pyromancer (D:12)
  An orb spider (Spider:1)
  2 deep elf zephyrmancers
  An ugly thing (D:12)
  A troll (D:12)
  A merfolk (Shoals:3)
  A jumping spider (Spider:1)
  A centaur simulacrum (D:12)
  A yak (Lair:6)
  An iron imp (Abyss:3)
  An orc wizard (Orc:2)
  2 ufetubi (IceCv)
  An orc (Vaults:5)
  19 fungi
  83 plants
  5 starspawn tentacles
  17 tentacles
  23 withered plants (Crypt:3)
170 creatures vanquished.

Grand Total: 3023 creatures vanquished

Notes
Turn   | Place    | Note
-------+----------+-------------------------------------------
     0 | D:1      | ticklebelly the Minotaur Berserker began the quest for the
                  | Orb.
     0 | D:1      | Reached XP level 1. HP: 19/19 MP: 0/0
   166 | D:1      | Reached XP level 2. HP: 15/27 MP: 1/1
  1226 | D:2      | Reached XP level 3. HP: 33/33 MP: 2/2
  1621 | D:2      | Reached ** piety under Trog
  1681 | D:2      | Found a faded altar of an unknown god.
  1725 | D:2      | Found Beisics's Jewellery Shop.
  1741 | D:2      | Reached XP level 4. HP: 41/41 MP: 3/3
  2673 | D:3      | Reached skill level 5 in Fighting
  2673 | D:3      | Reached skill level 5 in Axes
  2673 | D:3      | Reached XP level 5. HP: 23/48 MP: 4/4
  3391 | D:3      | Found a blossoming altar of Fedhas.
  3520 | D:3      | You fall into a shaft and drop 2 floors!
  3520 | D:5      | Entered Level 5 of the Dungeon
  3585 | D:4      | Found a runed translucent door.
  3592 | D:4      | Noticed JJisdabomb's ghost (amateur DsAK)
  3609 | D:4      | Reached *** piety under Trog
  3624 | D:4      | Killed JJisdabomb's ghost
  3625 | D:4      | Reached skill level 5 in Armour
  3625 | D:4      | Reached XP level 6. HP: 31/57 MP: 5/5
  3631 | D:4      | Found a runed translucent door.
  3760 | D:4      | Found Niyzyfit's Neck Hole.
  3988 | D:4      | Found a shimmering altar of Xom.
  4002 | D:4      | Reached XP level 7. HP: 36/63 MP: 6/6
  4216 | D:4      | Identified the +0 plate armour "Xieqopn" {Int+6}
  4424 | D:4      | Found a snail-covered altar of Cheibriados.
  4572 | D:5      | Found a broken altar of Ashenzari.
  4969 | D:5      | Found a runed translucent door.
  4970 | D:5      | Noticed Crazy Yiuf
  5033 | D:5      | Noticed a yak
  5034 | D:5      | Noticed a yak
  5035 | D:5      | Noticed a yak
  5036 | D:5      | Noticed a yak
  5044 | D:5      | Killed a yak
  5048 | D:5      | Killed a yak
  5049 | D:5      | Reached XP level 8. HP: 24/73 MP: 7/7
  5471 | D:5      | Found a sacrificial altar of Ru.
  5555 | D:5      | Killed Crazy Yiuf
  5816 | D:6      | Reached **** piety under Trog
  6157 | D:6      | Found a staircase to the Ecumenical Temple.
  6255 | D:6      | Reached XP level 9. HP: 56/83 MP: 8/8
  6459 | D:6      | Found a glowing golden altar of the Shining One.
  6794 | D:7      | Found a bloodstained altar of Trog.
  6794 | D:7      | Found an iron altar of Okawaru.
  7079 | D:7      | Reached skill level 10 in Fighting
  7079 | D:7      | Reached skill level 10 in Axes
  7156 | D:7      | Found Ufiakhle's Book Shop.
  7337 | D:8      | Reached ***** piety under Trog
  7338 | D:8      | Reached skill level 10 in Armour
  7436 | D:8      | Noticed Joseph
  7457 | D:8      | Killed Joseph
  7458 | D:8      | Reached XP level 10. HP: 75/94 MP: 9/9
  7664 | D:8      | Noticed Maggie
  7675 | D:8      | Killed Maggie
  7675 | D:8      | Received a gift from Trog
  7745 | D:8      | Paralysed by a hornet for 3 turns
  8100 | D:9      | Noticed a two-headed ogre
  8108 | D:9      | Killed a two-headed ogre
  8279 | D:9      | Reached skill level 5 in Dodging
  8417 | D:9      | Noticed Grum
  8427 | D:9      | Reached XP level 11. HP: 79/104 MP: 10/10
  8435 | D:9      | Killed Grum
  8809 | D:10     | Entered Level 10 of the Dungeon
  8819 | D:10     | Found a hide-covered altar of Uskayaw.
  8877 | D:10     | Paralysed by a hornet for 3 turns
  9111 | D:10     | Noticed Maurice
  9127 | D:10     | Killed Maurice
  9206 | D:10     | Noticed a two-headed ogre
  9214 | D:10     | Killed a two-headed ogre
  9385 | D:10     | Found a basalt altar of Yredelemnul.
  9385 | D:10     | Found an ancient bone altar of Kikubaaqudgha.
  9391 | D:10     | Found a faded altar of an unknown god.
  9393 | D:10     | Found an opulent altar of Gozag.
  9395 | D:10     | Found a faded altar of an unknown god.
  9462 | D:10     | Noticed a two-headed ogre
  9467 | D:10     | Killed a two-headed ogre
  9586 | D:11     | Noticed a boulder beetle
  9599 | D:11     | Killed a boulder beetle
  9692 | D:11     | Noticed a green ugly thing
  9712 | D:11     | Killed a green ugly thing
  9888 | D:11     | Found a staircase to the Lair.
 10171 | D:11     | Noticed a two-headed ogre
 10181 | D:11     | Killed a two-headed ogre
 10247 | D:11     | Noticed Josephine
 10259 | D:11     | Killed Josephine
 10267 | D:11     | Reached XP level 12. HP: 87/115 MP: 1/11
 10599 | D:11     | Found a runed translucent door.
 10599 | D:11     | Noticed Ironcache's ghost (journeyman DjFE)
 10741 | D:11     | Killed Ironcache's ghost
 10796 | Lair:1   | Entered Level 1 of the Lair of Beasts
 10827 | Lair:1   | Noticed a five-headed hydra
 10850 | Lair:1   | Killed a five-headed hydra
 10858 | Lair:1   | Received a gift from Trog
 10931 | Lair:1   | Found a blossoming altar of Fedhas.
 11108 | Lair:1   | Found a transporter.
 11108 | Lair:1   | Noticed a boulder beetle
 11109 | Lair:1   | Found a transporter.
 11109 | Lair:1   | Noticed a boulder beetle
 11125 | Lair:1   | Killed a boulder beetle
 11126 | Lair:1   | Killed a boulder beetle
 11680 | Lair:2   | Noticed an eight-headed hydra
 11689 | Lair:2   | Killed a five-headed hydra
 11798 | Lair:2   | Found a hole to the Spider Nest.
 11954 | Lair:2   | Found a runed translucent door.
 11955 | Lair:2   | Noticed cmd's ghost (journeyman MiFi)
 11986 | Lair:2   | Killed cmd's ghost
 12037 | Lair:2   | Noticed a catoblepas
 12048 | Lair:2   | Killed a catoblepas
 12645 | Lair:3   | Found a gate leading to a gauntlet.
 12655 | Gauntlet | Entered a Gauntlet
 12655 | Gauntlet | Noticed a reaper
 12655 | Gauntlet | Found a transporter.
 12655 | Gauntlet | Found a transporter.
 12656 | Gauntlet | Found a transporter.
 12662 | Gauntlet | Found a transporter.
 12663 | Gauntlet | Found a transporter.
 12674 | Gauntlet | Found a transporter.
 12678 | Gauntlet | Found a transporter.
 12744 | Gauntlet | Found a transporter.
 12759 | Gauntlet | Found a transporter.
 12770 | Gauntlet | Found a transporter.
 12780 | Gauntlet | Noticed a tengu warrior
 12786 | Gauntlet | Found a transporter.
 12802 | Gauntlet | Found a transporter.
 12952 | Gauntlet | Killed a tengu warrior
 12953 | Gauntlet | Reached XP level 13. HP: 125/125 MP: 12/12
 13048 | Gauntlet | Identified the +4 lajatang of Valiance {flame, +Blink}
 13048 | Gauntlet | Noticed a minotaur
 13053 | Gauntlet | Killed a minotaur
 13054 | Gauntlet | Reached skill level 15 in Fighting
 13054 | Gauntlet | Reached skill level 15 in Axes
 13359 | Lair:3   | Found a staircase to the Shoals.
 13496 | Lair:3   | Reached skill level 15 in Armour
 13792 | Lair:4   | Found an iron altar of Okawaru.
 13860 | Lair:4   | Found a dark tunnel.
 13869 | Volcano  | Entered a volcano
 14023 | Volcano  | Found a radiant altar of Vehumet.
 15123 | Lair:5   | Found a viscous altar of Jiyva.
 15124 | Lair:5   | Found a staircase to the Slime Pits.
 15273 | Lair:5   | Received a gift from Trog
 15521 | Lair:6   | Entered Level 6 of the Lair of Beasts
 15660 | Lair:6   | Reached XP level 14. HP: 119/140 MP: 13/13
 16824 | D:12     | Found Leclar's Armour Shoppe.
 16918 | D:12     | Found a shimmering altar of Xom.
 16948 | D:12     | Found Etahix's Magic Scroll Boutique.
 16958 | D:12     | Bought a scroll of summoning for 171 gold pieces
 16958 | D:12     | Bought a scroll of magic mapping for 63 gold pieces
 16958 | D:12     | Bought a scroll of fear for 63 gold pieces
 16958 | D:12     | Bought a scroll of fog for 36 gold pieces
 17117 | D:12     | Found Luomagos's General Store.
 17118 | D:12     | Noticed Nergalle
 17124 | D:12     | Killed Nergalle
 17144 | D:12     | Found a frozen archway.
 17145 | D:12     | Found Yrghaol's Antique Weapon Boutique.
 17150 | IceCv    | Entered an ice cave
 17433 | IceCv    | Received a gift from Trog
 17625 | IceCv    | Noticed a reaper
 17638 | IceCv    | Killed a reaper
 18109 | D:12     | Found a staircase to the Orcish Mines.
 18232 | D:12     | Found Odduj's Armour Boutique.
 18568 | D:12     | Identified a scroll of acquirement
 18569 | D:12     | Acquired the amulet "Tiyd" {Reflect -Tele Str+5 Dex+2
                  | Slay+3 SH+5}
 18640 | Orc:1    | Entered Level 1 of the Orcish Mines
 19172 | Orc:2    | Entered Level 2 of the Orcish Mines
 19189 | Orc:2    | Found a staircase to the Elven Halls.
 19305 | Orc:2    | Found Ozesoe's Antique Armour Emporium.
 19325 | Orc:2    | Found Notoij's Jewellery Shoppe.
 19356 | Orc:2    | Paralysed by something for 6 turns
 19367 | Orc:2    | Reached XP level 15. HP: 146/155 MP: 14/14
 19454 | Orc:2    | Found an ancient bone altar of Kikubaaqudgha.
 19473 | Orc:2    | Found Uxtoudgh's Book Shoppe.
 19490 | Orc:2    | Found a radiant altar of Vehumet.
 19542 | Orc:2    | Found Juaklesiu's Magic Scroll Emporium.
 19595 | Orc:2    | Bought a scroll of identify for 22 gold pieces
 19595 | Orc:2    | Bought a scroll of blinking for 82 gold pieces
 19595 | Orc:2    | Bought a scroll of blinking for 82 gold pieces
 19595 | Orc:2    | Bought a scroll of identify for 22 gold pieces
 19595 | Orc:2    | Bought a scroll of identify for 22 gold pieces
 19811 | Orc:2    | Found Pudeodghuri's Antique Weapon Boutique.
 20170 | Orc:2    | Bought a glowing cloak for 255 gold pieces
 20442 | D:13     | Found a runed translucent gate.
 20442 | D:13     | Found a runed translucent gate.
 20442 | D:13     | Found a runed translucent gate.
 20442 | D:13     | Noticed Vext's ghost (journeyman SpEn)
 20443 | D:13     | Found an iron altar of Okawaru.
 20487 | D:13     | Reached skill level 1 in Evocations
 20490 | D:13     | Killed Vext's ghost
 20496 | D:13     | Received a gift from Trog
 20545 | D:13     | Identified the +3 leather armour of Ykegy {rPois Stlth+}
 20812 | D:14     | You fall into a shaft and drop 1 floor!
 20812 | D:15     | Entered Level 15 of the Dungeon
 21169 | D:14     | Identified the +5 flail "Zyoxioco" {flame, rF++ Will- Int+9
                  | Dex-3}
 21630 | D:14     | Identified the ring of Feaqinos {rN+ AC+4 Str+3 Int+3}
 21630 | D:14     | Noticed a frost giant
 21636 | D:14     | Killed a frost giant
 21679 | D:14     | Reached XP level 16. HP: 112/165 MP: 15/15
 22283 | D:14     | Found a radiant altar of Vehumet.
 22339 | D:14     | Found a gate to the Vaults.
 22680 | D:15     | Received a gift from Trog
 22875 | D:15     | Reached skill level 5 in Evocations
 23083 | D:15     | Found a staircase to the Depths.
 23239 | D:12     | Bought 3 scrolls of magic mapping for 189 gold pieces
 23320 | Spider:1 | Entered Level 1 of the Spider Nest
 23890 | Spider:1 | Received a gift from Trog
 24757 | Spider:2 | Received a gift from Trog
 25206 | Spider:3 | Reached XP level 17. HP: 164/173 MP: 16/16
 25713 | Spider:3 | Found a runed translucent door.
 25715 | Spider:3 | Noticed Ekaitz's ghost (journeyman DrEE)
 25733 | Spider:3 | Killed Ekaitz's ghost
 26083 | Spider:4 | Entered Level 4 of the Spider Nest
 26137 | Spider:4 | Reached skill level 10 in Dodging
 26153 | Spider:4 | Received a gift from Trog
 26334 | Spider:4 | Reached ****** piety under Trog
 26386 | Spider:4 | Found a runed translucent gate.
 26386 | Spider:4 | Found a runed translucent gate.
 26389 | Spider:4 | Found a runed translucent gate.
 26393 | Spider:4 | Noticed Fractals's ghost (adept DsBr)
 26426 | Spider:4 | Gained mutation: Your body sometimes deteriorates upon
                  | taking damage. [mutagenic glow]
 26432 | Spider:4 | Killed Fractals's ghost
 26457 | Spider:4 | Gained mutation: You sometimes lose the ability to read
                  | scrolls when taking damage. [mutagenic glow]
 26543 | Spider:4 | Identified the +0 pair of gloves of Resonant Birdsong
                  | {rF+++ Str+5}
 27355 | Spider:4 | Got a gossamer rune of Zot
 27556 | D:13     | Lost mutation: You sometimes lose the ability to read
                  | scrolls when taking damage. [potion of mutation]
 27556 | D:13     | Lost mutation: Your body sometimes deteriorates upon taking
                  | damage. [potion of mutation]
 27556 | D:13     | Gained mutation: You tend to lose your temper in combat.
                  | [potion of mutation]
 27682 | Shoals:1 | Entered Level 1 of the Shoals
 28056 | Shoals:1 | Found Cenareh's Book Emporium.
 28572 | Shoals:2 | Received a gift from Trog
 28730 | Shoals:2 | Reached XP level 18. HP: 180/184 MP: 17/17
 29429 | Shoals:3 | Identified the ring "Sewn" {rElec rF+ rN+ SInv}
 30180 | Shoals:4 | Entered Level 4 of the Shoals
 30370 | Shoals:4 | Found Giudes's Antique Weapon Shop.
 30803 | Shoals:4 | Noticed Donald
 30811 | Shoals:4 | Killed Donald
 30955 | Shoals:4 | Received a gift from Trog
 31256 | Shoals:4 | Got a barnacled rune of Zot
 31785 | Elf:1    | Entered Level 1 of the Elven Halls
 31847 | Elf:1    | Paralysed by an air elemental for 1 turns
 32157 | Elf:1    | Received a gift from Trog
 32189 | Elf:1    | Reached skill level 10 in Evocations
 32259 | Elf:1    | Reached XP level 19. HP: 188/193 MP: 18/18
 33069 | Elf:2    | Paralysed by an air elemental for 1 turns
 33374 | Elf:2    | Found a runed translucent gate.
 33374 | Elf:2    | Found a runed translucent gate.
 33429 | Elf:2    | Found a runed translucent gate.
 33953 | Elf:2    | Received a gift from Trog
 34512 | Vaults:1 | Entered Level 1 of the Vaults
 34772 | Vaults:1 | Noticed Nikola
 34781 | Vaults:1 | Killed Nikola
 36261 | Vaults:2 | Noticed Xtahua
 36267 | Vaults:2 | Killed Xtahua
 36351 | Vaults:2 | Reached XP level 20. HP: 195/204 MP: 19/19
 36353 | Vaults:2 | Received a gift from Trog
 36453 | Vaults:2 | Found a staircase to the Crypt.
 37682 | Vaults:3 | Paralysed by a great orb of eyes for 5 turns
 37715 | Vaults:3 | Received a gift from Trog
 38431 | Vaults:3 | Received a gift from Trog
 38820 | Vaults:3 | Identified the +3 war axe of Taryly {elec, rC+ Int+2}
 38960 | Vaults:3 | Reached XP level 21. HP: 212/215 MP: 20/20
 39141 | Vaults:4 | Noticed Saint Roka
 39174 | Vaults:4 | Killed Saint Roka
 39230 | Vaults:4 | Received a gift from Trog
 39490 | Vaults:4 | Identified the +5 scimitar "Emomua" {spect, rN+ Int+3
                  | Stlth-}
 40090 | Vaults:4 | Paralysed by a great orb of eyes for 7 turns
 40165 | Vaults:4 | Found Hehuqaub's Book Boutique.
 40176 | Vaults:4 | Found Viupesug's Jewellery Boutique.
 40209 | Vaults:4 | Found Kiqathryg's Antique Weapon Shop.
 40233 | Vaults:4 | Received a gift from Trog
 40866 | Crypt:1  | Entered Level 1 of the Crypt
 41373 | Crypt:1  | Acquired the +0 cloak "Buleyts" {rPois Will+ Regen+}
 41412 | Crypt:1  | Received a gift from Trog
 41413 | Crypt:1  | Reached XP level 22. HP: 220/226 MP: 21/21
 42165 | Crypt:1  | Reached skill level 15 in Evocations
 42277 | Crypt:2  | Received a gift from Trog
 42821 | Crypt:3  | Entered Level 3 of the Crypt
 43335 | Crypt:3  | Received a gift from Trog
 43423 | Crypt:3  | Identified the +0 ring mail of the Centipede {*Slow rF++
                  | Regen+ Str+2}
 43444 | Crypt:3  | Identified the +9 short sword "Okheoja" {vamp, rF+ Int+3}
 43445 | Crypt:3  | Identified the +1 war axe of Integrity {vorpal, Int+6}
 43751 | Crypt:3  | Found an ancient bone altar of Kikubaaqudgha.
 43803 | Crypt:3  | Found the +0 pair of fencer's gloves {Riposte Dex+3}
 43820 | Crypt:3  | Noticed a dread lich
 43826 | Crypt:3  | Killed a dread lich
 44059 | Crypt:3  | Noticed an ancient lich
 44067 | Crypt:3  | Killed an ancient lich
 44087 | Crypt:3  | Found the +7 sceptre of Torment {pain, torment}
 44090 | Crypt:3  | Found a staircase to the Tomb.
 44227 | Crypt:3  | Identified the +3 leather armour of Catatonia {Will+
                  | Regen+}
 44771 | Depths:1 | Entered Level 1 of the Depths
 44808 | Depths:1 | Reached XP level 23. HP: 231/239 MP: 22/22
 44846 | Depths:1 | Found a gateway to Hell.
 44904 | Depths:1 | Reached skill level 27 in Fighting
 44978 | Depths:1 | Found a gateway to a ziggurat.
 45251 | Depths:1 | Received a gift from Trog
 45252 | Depths:1 | Found the +7 lajatang of Order {silver, rMut}
 45258 | Depths:1 | Found an ancient bone altar of Kikubaaqudgha.
 45383 | Depths:1 | Found a one-way gate leading to the halls of Pandemonium.
 45493 | Depths:2 | Found an ancient bone altar of Kikubaaqudgha.
 45626 | Depths:2 | Found the +9 heavy crossbow "Sniper" {vorpal, Acc+∞ SInv}
 45656 | Depths:2 | Identified the +6 war axe of Slow Death {antimagic, rCorr
                  | Int+2 Dex+2}
 46060 | Depths:2 | Identified the +8 whip "Ataxt" {holy, Fly rElec}
 46158 | Depths:2 | Received a gift from Trog
 46237 | Depths:2 | Found Jany's Magic Scroll Shoppe.
 46264 | Depths:2 | Found Tefeiss's Distillery.
 46334 | Depths:2 | Found Nomunleym's Weapon Emporium.
 46353 | Depths:2 | Paralysed by a floating eye for 3 turns
 46430 | Depths:2 | Identified the +3 pair of gloves "Guatt" {-Cast rElec rPois
                  | rC+}
 46910 | Depths:2 | Bought a scroll of blinking for 112 gold pieces
 46910 | Depths:2 | Bought a scroll of holy word for 112 gold pieces
 46910 | Depths:2 | Bought a scroll of blinking for 112 gold pieces
 46910 | Depths:2 | Bought a scroll of enchant armour for 112 gold pieces
 46917 | Depths:2 | Bought a potion of haste for 210 gold pieces
 46917 | Depths:2 | Bought a potion of cancellation for 168 gold pieces
 46917 | Depths:2 | Bought a potion of haste for 210 gold pieces
 47313 | Depths:3 | Received a gift from Trog
 47338 | Depths:3 | Found a white marble altar of Elyvilon.
 47431 | Depths:3 | Found Naojuapo's Weapon Shop.
 47434 | Depths:3 | Found Cuent's Antique Armour Shop.
 47462 | Depths:3 | Bought the +3 pair of seven-league boots {Rampage+∞} for
                  | 1560 gold pieces
 47462 | Depths:3 | Found the +3 pair of seven-league boots {Rampage+∞}
 47645 | Depths:3 | Reached XP level 24. HP: 240/249 MP: 22/22
 47665 | Depths:3 | Noticed a juggernaut
 47670 | Depths:3 | Killed a juggernaut
 47683 | Depths:3 | Noticed a dread lich
 47690 | Depths:3 | Killed a dread lich
 47696 | Depths:3 | Reached skill level 15 in Dodging
 48226 | Depths:4 | Found a transporter.
 48228 | Depths:4 | Noticed a dread lich
 48284 | Depths:4 | Noticed Jusuc's ghost (journeyman MiBe)
 48332 | Depths:4 | Received a gift from Trog
 48623 | Depths:4 | Found a one-way gate to the infinite horrors of the Abyss.
 48623 | Depths:4 | Found a transporter.
 48636 | Depths:4 | Noticed an ancient lich
 48907 | Depths:4 | Found a corrupted altar of Lugonu.
 48965 | Depths:4 | Noticed Boris
 48973 | Depths:4 | Killed Boris
 49494 | Depths:3 | Bought a pair of embroidered gloves for 292 gold pieces
 49494 | Depths:3 | Bought an embroidered cloak for 292 gold pieces
 49742 | Vaults:5 | Entered Level 5 of the Vaults
 49746 | Vaults:5 | Received a gift from Trog
 49747 | Vaults:5 | Identified the ring of Curiosity {rF+ rN+ Will- Int+3
                  | Slay+3}
 49793 | Vaults:5 | Noticed an ancient lich
 49803 | Vaults:5 | Killed an ancient lich
 49804 | Vaults:5 | Reached XP level 25. HP: 138/257 MP: 22/22
 49820 | Vaults:5 | Noticed Boris
 50231 | Vaults:5 | Identified the +5 hunting sling "Nuryzoan" {flame, Drain
                  | rElec Will+ Dex+3}
 50367 | Vaults:5 | Identified the +1 ring mail of the Realm of Zot {rF+ rC+}
 50383 | Vaults:4 | Acquired a +1 hat of stealth
 50398 | Vaults:4 | Acquired 256 gold pieces
 50448 | Vaults:5 | Received a gift from Trog
 50939 | Vaults:5 | Killed Boris
 50965 | Vaults:5 | Got a silver rune of Zot
 51326 | Vaults:5 | Identified the ring "Qoxkueff" {rF+ rC+++ rCorr MP-9 Str+4}
 51982 | Elf:3    | Entered Level 3 of the Elven Halls
 52017 | Elf:3    | Found Repleota's General Store.
 52017 | Elf:3    | Found Noiskeug's Weapon Boutique.
 52040 | Elf:3    | Bought a scroll of fog for 28 gold pieces
 52040 | Elf:3    | Bought a scroll of magic mapping for 49 gold pieces
 52352 | Elf:3    | Received a gift from Trog
 52431 | Elf:3    | Noticed Bai Suzhen
 52440 | Elf:3    | Killed Bai Suzhen
 52571 | Elf:3    | Noticed Aizul
 52574 | Elf:3    | Killed Aizul
 53117 | Elf:3    | Identified the +7 quarterstaff of Domination {freeze,
                  | Stlth+}
 53171 | Elf:3    | Identified the +7 morningstar of Fundamental Breach
                  | {freeze, rN+ rCorr Str-3 SInv}
 53171 | Elf:3    | Identified the +0 buckler of Proximity {+Inv Will++ Int-4
                  | SInv}
 53171 | Elf:3    | Identified the ring "Pobb" {Wiz rPois Dex+2}
 53198 | Elf:3    | Identified the +6 war axe of Ragnarok {freeze, rF+ rC+
                  | Will- Dex+4}
 53204 | Elf:3    | Identified the +8 trident of the Unspeakable One {vorpal,
                  | rPois Str+4 Int-3}
 53204 | Elf:3    | Identified the +1 ring mail "Japur" {Int+5}
 53221 | Elf:3    | Reached XP level 26. HP: 262/266 MP: 22/22
 53260 | Elf:3    | Identified the amulet of Zonent Wito {Reflect Rampage rC+
                  | rCorr Str+4 SH+5}
 53406 | Elf:3    | Identified the +1 robe "Roibais" {Harm +Blink Will-}
 53526 | Elf:3    | Identified the +0 plate armour of Snakes and Ladders
                  | {Regen+ Str+7}
 53867 | Slime:1  | Entered Level 1 of the Pits of Slime
 53937 | Slime:1  | Received a gift from Trog
 54045 | Slime:1  | Gained mutation: You are frail. (-10% HP) [a shining eye]
 54465 | Slime:2  | Gained mutation: You are weak. (Str -2) [a shining eye]
 54468 | Slime:2  | Gained mutation: You are clumsy. (Dex -2) [a shining eye]
 54720 | Slime:3  | Gained mutation: You sometimes lose the ability to read
                  | scrolls when taking damage. [a shining eye]
 54996 | Slime:5  | Entered Level 5 of the Pits of Slime
 55009 | Slime:5  | Noticed the Royal Jelly
 55042 | Slime:5  | Killed the Royal Jelly
 55042 | Slime:5  | Received a gift from Trog
 55277 | Slime:5  | Found the +8 glaive of the Guard {elec, spectral, AC+5}
 55316 | Slime:5  | Identified the ring "Moulugus" {rN+ MP+9}
 55348 | Slime:5  | Got a slimy rune of Zot
 56112 | Vaults:5 | Lost mutation: You are weak. (Str -2) [potion of mutation]
 56112 | Vaults:5 | Lost mutation: You are clumsy. (Dex -2) [potion of
                  | mutation]
 56112 | Vaults:5 | Lost mutation: You are frail. (-10% HP) [potion of
                  | mutation]
 56112 | Vaults:5 | Gained mutation: You are resistant to electric shocks.
                  | (rElec) [potion of mutation]
 56112 | Vaults:5 | Gained mutation: Your spells are a little easier to cast,
                  | but a little less powerful. [potion of mutation]
 56323 | Depths:1 | Lost mutation: You tend to lose your temper in combat.
                  | [potion of mutation]
 56323 | Depths:1 | Lost mutation: You sometimes lose the ability to read
                  | scrolls when taking damage. [potion of mutation]
 56323 | Depths:1 | Gained mutation: You evolve. [potion of mutation]
 56323 | Depths:1 | Gained mutation: You rapidly evolve. [potion of mutation]
 56337 | Hell     | Entered the Vestibule of Hell
 56337 | Hell     | Noticed Geryon
 56349 | Hell     | Noticed Murray
 56362 | Hell     | Killed Murray
 56380 | Hell     | Killed Geryon
 56442 | Depths:1 | Gained mutation: You are strong-willed. (Will+) [evolution]
 56520 | Hell     | Found a gateway to the ashen valley of Gehenna.
 56570 | Hell     | Found a gateway to the decaying netherworld of Tartarus.
 56623 | Hell     | Found a gateway to the freezing wastes of Cocytus.
 56795 | Hell     | Found a gateway to the Iron City of Dis.
 57146 | Depths:4 | Voluntarily entered the Abyss.
 57315 | Abyss:2  | Gained mutation: You are partially covered in iridescent
                  | scales. (AC +2) [a neqoxec]
 57365 | Abyss:2  | Received a gift from Trog
 57496 | Abyss:2  | Found a stormy altar of Qazlal.
 57840 | Abyss:3  | Identified the +7 broad axe of the Crypt {spect, *Rage
                  | rElec Int+4}
 58060 | Abyss:3  | Found a corrupted altar of Lugonu.
 58395 | Abyss:3  | Reached XP level 27. HP: 273/273 MP: 22/22
 58675 | Abyss:3  | Received a gift from Trog
 59173 | Abyss:4  | Found a corrupted altar of Lugonu.
 59183 | Abyss:4  | Identified the +1 mace "Fong" {elec, Str+4}
 59257 | Abyss:4  | Gained mutation: You sometimes lose the ability to read
                  | scrolls when taking damage. [a neqoxec]
 59314 | Abyss:4  | Got an abyssal rune of Zot
 59347 | Abyss:4  | Received a gift from Trog
 59539 | Abyss:4  | Gained mutation: You are dopey. (Int -2) [a neqoxec]
 59642 | Depths:4 | Escaped the Abyss
 59679 | Depths:5 | Entered Level 5 of the Depths
 59692 | Depths:5 | Found a broken altar of Ashenzari.
 59940 | Depths:5 | Found a gate to the Realm of Zot.
 60695 | Zot:1    | Entered Level 1 of the Realm of Zot
 61303 | Zot:1    | Received a gift from Trog
 61310 | Zot:1    | Gained mutation: Your flesh is cold resistant. (rC+)
                  | [evolution]
 62472 | Zot:2    | Lost mutation: You are partially covered in iridescent
                  | scales. (AC +2) [potion of mutation]
 62472 | Zot:2    | Lost mutation: Your spells are a little easier to cast, but
                  | a little less powerful. [potion of mutation]
 62472 | Zot:2    | Gained mutation: You are very dopey. (Int -4) [potion of
                  | mutation]
 63210 | Zot:3    | Found a huge runed gate.
 63210 | Zot:3    | Found a huge runed gate.
 63210 | Zot:3    | Found a huge runed gate.
 63211 | Zot:3    | Found a huge runed gate.
 63212 | Zot:3    | Found a huge runed gate.
 63214 | Zot:3    | Found a huge runed gate.
 63226 | Zot:3    | Found a huge runed gate.
 63226 | Zot:3    | Found a huge runed gate.
 63226 | Zot:3    | Found a huge runed gate.
 63226 | Zot:3    | Found a huge runed gate.
 63227 | Zot:3    | Found a huge runed gate.
 63227 | Zot:3    | Found a huge runed gate.
 63228 | Zot:3    | Found a huge runed gate.
 63229 | Zot:3    | Found a huge runed gate.
 63230 | Zot:3    | Found a huge runed gate.
 63231 | Zot:3    | Found a huge runed gate.
 63239 | Zot:3    | Found a huge runed gate.
 63239 | Zot:3    | Found a huge runed gate.
 63254 | Zot:3    | Found a huge runed gate.
 63255 | Zot:3    | Found a huge runed gate.
 63256 | Zot:3    | Found a huge runed gate.
 63264 | Zot:3    | Found a huge runed gate.
 63264 | Zot:3    | Found a huge runed gate.
 63264 | Zot:3    | Found a huge runed gate.
 63264 | Zot:3    | Found a huge runed gate.
 63496 | Zot:3    | Reached skill level 27 in Armour
 63695 | Zot:3    | Identified the +6 battleaxe of Trial by Ordeal {vorpal, Fly
                  | rElec Will+} (Trog gifted it to you on level 3 of the Realm
                  | of Zot)
 63695 | Zot:3    | Received a gift from Trog
 63760 | Zot:3    | Noticed an ancient lich
 63761 | Zot:3    | Noticed an orb of fire
 63761 | Zot:3    | Noticed an orb of fire
 63761 | Zot:3    | Noticed an ancient lich
 63761 | Zot:3    | Noticed an orb of fire
 63761 | Zot:3    | Noticed a dread lich
 63767 | Zot:3    | Killed an ancient lich
 63767 | Zot:3    | Gained mutation: You are frail. (-10% HP) [an orb of fire]
 63770 | Zot:3    | Killed an ancient lich
 63784 | Zot:3    | Gained mutation: You are very frail. (-20% HP) [an orb of
                  | fire]
 63786 | Zot:3    | Killed a dread lich
 63792 | Zot:3    | Gained mutation: You are extremely frail. (-30% HP) [an orb
                  | of fire]
 63793 | Zot:3    | Gained mutation: You do not regenerate when monsters are
                  | visible. [an orb of fire]
 63793 | Zot:3    | Gained mutation: You tend to lose your temper in combat.
                  | [an orb of fire]
 63795 | Zot:3    | Gained mutation: Armour fits poorly on your strangely
                  | shaped body. [an orb of fire]
 63797 | Zot:3    | Gained mutation: You are clumsy. (Dex -2) [an orb of fire]
 63799 | Zot:3    | Killed an orb of fire
 63799 | Zot:3    | Lost mutation: You tend to lose your temper in combat. [an
                  | orb of fire]
 63804 | Zot:3    | Killed an orb of fire
 63812 | Zot:3    | Killed an orb of fire
 64311 | Zot:4    | Received a gift from Trog
 64887 | Zot:5    | Entered Level 5 of the Realm of Zot
 65237 | Zot:5    | Noticed a dread lich
 65257 | Zot:5    | Killed a dread lich
 65265 | Zot:5    | HP: 8/286 [black draconian/bolt of lightning (11)]
 65268 | Zot:5    | HP: 1/286 [Killer Klown/klown pie (5)]
 65271 | Zot:5    | Killed from afar by a white draconian

Illustrated notes

Levels and vault maps discovered:
D:1:      dpeg_arrival_tiny_h, layout_loops_ring
D:2:      layout_loops_ring, serial_shops, shop,
          ebering_ecumenical_altar_abandoned, minmay_tromino_v2
D:3:      layout_loops_ring, mainiacjoe_overflow_24_doors,
          nicolae_sif_muna_little_library
D:4:      layout_rooms, slow_altar_2, mainiacjoe_overflow_alcove_1,
          ebering_ghost_sewer_f, serial_bayou_pond_d, grunt_ministairs_6,
          nicolae_shop_sticking_my_neck_out
D:5:      layout_rooms, nicolae_ru_path_of_blood,
          mainiacjoe_overflow_cross_hatched, uniq_crazy_yiuf_cottage
D:6:      layout_loops_ring, mainiacjoe_overflow_six_doors_small,
          minmay_temple_entry_offerings, corexii_hall_statues_i
D:7:      layout_cave_pools, grunt_temple_overflow_bloody_war, serial_shops,
          nicolae_square_shop
D:8:      layout_loops_ring, uniq_maggie, uniq_joseph
D:9:      layout_roguey, minmay_misc_feat_nine_boxes,
          hellmonk_bongcloud_opening, uniq_grum
D:10:     layout_cave_pools, eat_drink_and_be_merry_uskayaw,
          chequers_temple_overflow_minitemple, uniq_maurice
D:11:     layout_gridville, lair_entry_dummy, gammafunk_ghost_grave,
          uniq_josephine
D:12:     layout_loops_ring, erik_orc_2, serial_ice, serial_ice_f, serial_ice_l,
          serial_ice_c, serial_ice_o, serial_ice_a,
          portal_ice_cave_entry_pillars_1, serial_shops, shop, shop_fountains,
          shop, nicolae_square_shop, shop, xom_confusion_cloud, uniq_nergalle
D:13:     layout_cross, gammafunk_ghost_fury_of_okawaru, minivault_16
D:14:     lemuel_traditional_vault, layout_loops_ring, erik_vaults_1,
          nicolae_vehumet_altar_sigil
D:15:     hangedman_depths_entry_civil_slaughter, layout_basic,
          nicolae_twisting_strands
Lair:1:   gammafunk_boulding_lane, layout_gridlike, basic_altar, st_stairs_7
Lair:2:   layout_loops_ring, spider_nest_entry_rubble, gammafunk_ghost_grave
Lair:3:   layout_regular_city, minmay_shoals_entry_lonely_mermaid,
          gauntlet_entry_generic, beast_lair_carwin_8, infiniplex_staircase_pool
Lair:4:   layout_regular_city, nicolae_volcano_entry_batcave, basic_altar
Lair:5:   layout_gridlike, slime_altar_1
Lair:6:   minmay_lair_end_frog_pond, layout_cave_pods
Shoals:1: layout_shoals, serial_shops, nicolae_shop_waterfront
Shoals:2: layout_shoals
Shoals:3: layout_shoals
Shoals:4: shoals_end_grunt_ice, layout_shoals, serial_shops,
          nicolae_shop_temple_entry_statues_fountains, uniq_donald
Spider:1: layout_spider_delve, guppyfry_spider_mini_3
Spider:2: layout_spider_delve
Spider:3: layout_spider_delve, ebering_ghost_reflecting_pool
Spider:4: spider_rune_water, gammafunk_ghost_tricky_traps
Slime:1:  layout_caves
Slime:2:  layout_caves
Slime:3:  layout_caves
Slime:4:  layout_caves
Slime:5
Orc:1:    nicolae_orc_accident_2, layout_caves, nicolae_orc_pool_cavern
Orc:2:    kennysheep_orc_mage_school, layout_caves, serial_shops, shop_fountains
Elf:1:    eino_elf_arrival_sip, layout_onion_city, minmay_elf_annihilation
Elf:2:    elven_hall_of_blades_hangedman_original
          [nicolae_blade_entry_pointy_end], layout_loops_cross
Elf:3:    grunt_elf_hall_asides, layout_onion_city, minmay_shoptagon,
          uniq_bai_suzhen, uniq_aizul
Vaults:1: nicolae_vaults_circle_grid_b, grunt_vaults_hallway_long,
          grunt_vaults_funnel, vaults_room_fancy_cross,
          nicolae_vaults_network_s, nicolae_vaults_little_squares_1,
          nicolae_vaults_twisting_passages, hangedman_vaults_stagger, v_misc_33,
          ontoclasm_vaults_chip, v_misc_23, nicolae_vaults_circle_grid_a,
          hangedman_vaults_stretched_pinwheel, layout_vaults_omnibox,
          uniq_nikola
Vaults:2: nicolae_vaults_network_square, vaults_room_grid,
          minmay_crypt_entry_simple_round, ontoclasm_vaults_ring_large,
          nicolae_vaults_branching_niches, hangedman_vaults_corner_blocks,
          ontoclasm_vaults_idyll, vaults_mumra_hex, v_pattern_3,
          layout_vaults_big_room, uniq_xtahua
Vaults:3: hangedman_vaults_capsules, vaults_room_door_hall,
          nicolae_vaults_big_ls, v_pattern_4, vaults_standard_mumra_x,
          nicolae_vaults_border_crossing, vaults_room_pools,
          hangedman_vaults_stretched_pinwheel, v_misc_23,
          nicolae_vaults_specimen_jars, vaults_room_hallway,
          nicolae_vaults_asterisk, st_cells, v_misc_14, grunt_vaults_focal,
          v_misc_15, layout_vaults_big_cross
Vaults:4: vaults_dpeg_cross, hangedman_vaults_locks,
          dpeg_vaults_pockets_of_resistance, ontoclasm_vaults_idyll,
          vaults_dpeg_hooks, v_rooms_4, v_misc_14,
          nicolae_vaults_mini_display_case, v_misc_29, hangedman_vaults_hat,
          hangedman_vaults_cutoff, layout_vaults_maze, serial_shops,
          nicolae_lakefront_shop, shop, nicolae_lakefront_shop, uniq_saint_roka
Vaults:5
Crypt:1:  layout_chaotic_city, nicolae_crypt_ancient_font, grunt_megastairs_4,
          grunt_crypt_arrival_webbed
Crypt:2:  layout_rooms, moated_statue, grunt_ministairs_14
Crypt:3:  quadcrypt_mu
Depths:1: layout_cave_shapes, enter_ziggurat_b, minmay_misc_feat_columns,
          pan_entry, hell_entry, minmay_holes, serial_sigils_hangedman_gnaw,
          kennysheep_vampire_church
Depths:2: evilmike_negative_zone, layout_gridlike, hell_entry, serial_shops,
          shop, shop, nicolae_inconvenience_store, serial_glass,
          glass_columns_a, glass_columns_a
Depths:3: nzn_winding_woodlands_small
          [nzn_winding_woodlands_5x15_river_crossing,
          nzn_winding_woodlands_center_lodge,
          nzn_winding_woodlands_5x15_jagged], layout_basic, pf_coc_iceberg,
          pan_entry, elyvilon_altar_3, minmay_shop_star
Depths:4: hourglass_vault, layout_basic, lightli_too_deep, pan_entry,
          gammafunk_ghost_abyssal_escape, abyss_entry_flame_altar,
          serial_bayou_pond_d, hangedman_decor_slide_cut,
          minmay_staircase_statues, uniq_boris
Depths:5: grunt_twist_and_shout, layout_honeycomb, grunt_hell_entry_dis_old,
          serial_glass, glass_columns_a, glass_columns_a, nrook_mini_backslash,
          nicolae_ashenzari_skybound
Hell
Zot:1:    layout_basic
Zot:2:    layout_basic
Zot:3:    layout_cellular_growth, grunt_ministairs_12, door_vault
Zot:4:    layout_cathedral_of_symmetry
Zot:5:    layout_basic

Skill      XL: |  1  2  3  4  5  6  7  8  9 10 11 12 13 14 15 16 17 18 19 20 21 22 23 24 25 26 27 |
---------------+----------------------------------------------------------------------------------+-----
Axes           | 4 5 6 7 9 10 11 13 14 16 17 18 19 20 21 22 23 25 26 | 26.0
Fighting       | 4 5 6 7 9 10 11 13 14 17 19 20 21 22 23 24 25 26 27 | 27.0
Armour         | 3 4 5 6 8 10 11 13 14 16 17 18 19 20 21 22 23 25 27 | 27.0
Dodging        | 5 7 9 11 12 13 14 16 18 20 24 | 24.6
Evocations     | 4 6 8 10 11 13 14 15 17 18 19 23 | 23.1

Action                   |  1- 3 |  4- 6 |  7- 9 | 10-12 | 13-15 | 16-18 | 19-21 | 22-24 | 25-27 || total
-------------------------+-------+-------+-------+-------+-------+-------+-------+-------+-------++-------
Melee: Hand axe          |    74 |   123 |   148 |       |       |       |       |       |       ||   345
       Headbutt          |     8 |    17 |    53 |   116 |   191 |   278 |   332 |   327 |   492 ||  1814
       War axe           |       |       |   175 |   331 |       |       |       |       |       ||   506
       Battleaxe         |       |       |       |   100 |   866 |  1191 |  1023 |   158 |       ||  3338
       Flail             |       |       |       |     9 |       |       |       |       |       ||     9
       Executioner's axe |       |       |       |       |       |       |       |   828 |  1648 ||  2476
       Unarmed           |       |       |       |       |       |       |       |       |    14 ||    14
Throw: Boomerang         |       |       |       |       |    14 |    51 |       |       |       ||    65
Invok: Berserk           |       |     4 |     1 |     7 |     1 |     1 |       |       |     1 ||    15
       Brothers in Arms  |       |       |       |     1 |    11 |    13 |     6 |    13 |    19 ||    63
       Trog's Hand       |       |       |       |       |     8 |     6 |     4 |     7 |    10 ||    35
Evoke: Wand              |       |       |       |       |     2 |    23 |       |     3 |    46 ||    74
       Phantom mirror    |       |       |       |       |       |     1 |       |       |       ||     1
       Phial of floods   |       |       |       |       |       |       |     1 |       |       ||     1
       Box of beasts     |       |       |       |       |       |       |       |     1 |       ||     1
       Horn of Geryon    |       |       |       |       |       |       |       |       |     1 ||     1
  Use: Scroll            |       |       |       |    16 |    19 |     5 |     3 |    15 |    27 ||    85
       Potion            |       |       |       |       |     2 |     4 |     1 |     2 |    23 ||    32
 Stab: Sleeping          |       |     1 |       |       |       |       |       |       |       ||     1
       Distracted        |       |       |       |     1 |       |     1 |     1 |       |     3 ||     6
       Petrified         |       |       |       |       |     1 |       |       |       |       ||     1
       Paralysed         |       |       |       |       |       |     3 |       |       |       ||     3
       Invisible         |       |       |       |       |       |     1 |       |       |       ||     1
Armor: Animal skin       |    17 |     5 |       |       |       |       |       |       |       ||    22
       Chain mail        |       |    52 |     5 |       |       |       |       |       |       ||    57
       Plate armour      |       |       |   183 |   247 |     4 |       |       |       |       ||   434
       Crystal plate arm |       |       |       |       |   780 |  1162 |   579 |   716 |   983 ||  4220
Dodge: Dodged            |    56 |    45 |   179 |   297 |   448 |   688 |   370 |   456 |  1019 ||  3558
Block: Other             |       |       |       |       |     4 |       |       |       |   166 ||   170
       Reflection        |       |       |       |       |     1 |       |       |       |     2 ||     3
